 Dungeon Crawl Stone Soup version 0.29-a0-550-g81e455f4c2 (webtiles) character file.

Game seed: 5177042527417336151

10829 nari the Covert (level 11, -3/51 HPs)
             Began as a Spriggan Enchanter on June 5, 2022.
             Was a Believer of Dithmenos.
             Killed by divine providence
             ... invoked by a meliai
              (11 damage)
             ... on level 11 of the Dungeon.
             The game lasted 00:23:33 (12821 turns).

nari the Covert (Spriggan Enchanter)               Turns: 12821, Time: 00:23:34

Health: -3/51      AC:  7    Str:  8    XL:     11   Next: 41%
Magic:  33/37      EV: 19    Int: 22    God:    Dithmenos [**....]
Gold:   237        SH:  0    Dex: 15    Spells: 26/34 levels left

rFire   . . .      SeeInvis +   k - +3 dagger (freeze)
rCold   + + .      Faith    .   (no shield)
rNeg    + . .      Spirit   .   b - +1 robe
rPois   .          Reflect  .   (helmet restricted)
rElec   .          Harm     .   D - +1 cloak
rCorr   .          Rampage  .   (gloves unavailable)
Will    +....                   (boots unavailable)
Stlth   +++++++...              (no amulet)
HPRegen 0.17/turn               w - ring of the Thirsty Teeth {rN+ Int+4 SInv}
MPRegen 0.25/turn               t - ring of magical power

@: wreathed by umbra, unable to read, very quick
A: very small, no large weapons, unfitting armour, see invisible, speed 3,
iridescent scales 1, cold resistance 2, inability to read while threatened
a: Renounce Religion, Shadow Step


You were on level 11 of the Dungeon.
You worshipped Dithmenos.
Dithmenos was pleased with you.
You visited 2 branches of the dungeon, and saw 12 of its levels.

You collected 573 gold pieces.
You spent 336 gold pieces at shops.

Inventory:

Hand Weapons
 a - a +1 dagger
 f - a +1 dagger of protection
 j - a +2 dagger of pain
 k - a +3 dagger of freezing (weapon)
Missiles
 n - 2 atropa-tipped darts (quivered)
 v - 27 poisoned darts
 J - 3 throwing nets
Armour
 b - a +1 robe (worn)
 D - a +1 cloak (worn)
Jewellery
 h - a ring of resist corrosion
 t - a ring of magical power (right hand)
 w - the ring of the Thirsty Teeth (left hand) {rN+ Int+4 SInv}
   (You found it on level 5 of the Dungeon)

   [ring of see invisible]

   Int:       It affects your intelligence (+4).
   rN:        It protects you from negative energy.
   SInv:      It lets you see invisible.
Wands
 l - a wand of iceblast (10)
 s - a wand of digging (9)
 y - a wand of charming (18)
 B - a wand of paralysis (4)
 G - a wand of polymorph (9)
 I - a wand of flame (16)
Scrolls
 d - 8 scrolls of teleportation
 i - 3 scrolls of fear
 r - 2 scrolls of blinking
 u - 2 scrolls of magic mapping
 x - a scroll of summoning
 z - a scroll of immolation
 E - 2 scrolls of fog
 F - 2 scrolls of poison
 H - 6 scrolls of identify
Potions
 c - 5 potions of invisibility
 e - 5 potions of cancellation
 g - 4 potions of resistance
 m - 3 potions of curing
 o - 2 potions of ambrosia
 p - 4 potions of magic
 q - 2 potions of haste
 C - a potion of lignification
 K - 2 potions of might


   Skills:
 + Level 2.9 Fighting
 + Level 4.1 Short Blades
 + Level 5.6 Dodging
 + Level 14.8 Stealth
 + Level 12.2 Spellcasting
 + Level 12.4 Hexes


You had 26 spell levels left.
You knew the following spells:

 Your Spells              Type           Power      Damage    Failure   Level
a - Ensorcelled Hibernat  Hex/Ice        80%        N/A       1%          2
b - Tukima's Dance        Hex            62%        N/A       1%          3
d - Confusing Touch       Hex            62%        N/A       1%          3

Your spell library contained the following spells:

 Spells                   Type           Power      Damage    Failure   Level
 Dazzling Flash           Conj/Hex       80%        N/A       1%          3
 Portal Projectile        Hex/Tloc       80%        N/A       1%          3
 Anguish                  Hex/Necr       20%        N/A       3%          4
 Leda's Liquefaction      Hex/Erth       20%        N/A       3%          4
 Magic Dart               Conj           52%        1d5       4%          1
 Call Imp                 Summ           13%        N/A       8%          2
 Static Discharge         Conj/Air       13%        N/A       8%          2
 Yara's Violent Unravell  Hex/Tmut       20%        3d9       11%         5
 Call Canine Familiar     Summ           13%        N/A       14%         3
 Ignite Poison            Fire/Tmut/Pois 13%        N/A       14%         3
 Mephitic Cloud           Conj/Pois/Air  13%        N/A       14%         3
 Enfeeble                 Hex            31%        N/A       24%         7
 Freezing Cloud           Conj/Ice/Air   6%         6-21      80%         5
 Lightning Bolt           Conj/Air       6%         1d18      80%         5
 Maxwell's Capacitive Co  Air            6%         ∞         100%        8


Dungeon Overview and Level Annotations

Branches:
Dungeon (11/15)            Temple (1/1) D:7             Orc (0/2) D:9
   Lair: D:8-11

Altars:
Ashenzari
Cheibriados
Dithmenos
Elyvilon
Fedhas
Gozag
Hepliaklqana
Kikubaaqudgha
Makhleb
Nemelex Xobeh
Okawaru
Qazlal
Ru
Sif Muna
Trog
Uskayaw
Vehumet
Wu Jian
Xom
Yredelemnul
Zin
The Shining One

Shops:
D:2 ?   D:10 !

Annotations:
D:4 3 runed translucent doors, blade888's ghost, amateur GnIE
D:8 2 transporters, makewrite's ghost, novice HOFi


Innate Abilities, Weirdness & Mutations

You are very small and have problems with some larger weapons.
You are too small for most types of armour.
You have supernaturally acute eyesight. (SInv)
You cover ground extremely quickly. (Speed+++)
You are partially covered in iridescent scales. (AC +2)
Your flesh is very cold resistant. (rC++)
You sometimes lose the ability to read scrolls when taking damage.


Message History

The meliai hits you with a +0 hand axe.
* * * LOW HITPOINT WARNING * * *
The meliai stings you.
* * * LOW HITPOINT WARNING * * *
You are more poisoned.
The meliai poisons you!
The centaur unwields a +0 shortbow.
The centaur misses you.
The centaur kicks you but does no damage.
You feel better. The meliai misses you. The meliai stings you.
* * * LOW HITPOINT WARNING * * *
The centaur hits you.
* * * LOW HITPOINT WARNING * * *
The centaur misses you. The meliai hits you but does no damage.
The meliai completely misses you.
You feel much better. The meliai hits you with a +0 hand axe.
The meliai closely misses you. The centaur barely misses you.
The centaur kicks you but does no damage.
The meliai misses you. The meliai closely misses you. The centaur hits you.
The centaur barely misses you.
Unknown command.
Casting: Ensorcelled Hibernation (safe; 1% risk of failure)
Confirm with . or Enter, or press ? or * to list all spells.
Aiming: Ensorcelled Hibernation (safe; 1% risk of failure)
Press: ? - help, Shift-Dir - straight line, f - centaur
Aim: a centaur (umbra, chance to affect: 66%)
The centaur resists with significant effort.
The meliai hits you with a +0 hand axe.
* * * LOW HITPOINT WARNING * * *
The meliai barely misses you. The centaur hits you.
* * * LOW HITPOINT WARNING * * *
The centaur closely misses you. The meliai barely misses you. x2
Casting: Ensorcelled Hibernation (safe; 1% risk of failure)
Confirm with . or Enter, or press ? or * to list all spells.
Aiming: Ensorcelled Hibernation (safe; 1% risk of failure)
Press: ? - help, Shift-Dir - straight line, f/p - centaur
Aim: a centaur (umbra, chance to affect: 66%)
The centaur resists with significant effort.
The meliai invokes the aid of its god against you.
Something smites you!
You die...

###++############
#c..............##
#.@..............#
##y###.###.#.##..#
#.###.#.###.###[.##
#. ..........#.[..#
#.............#...!
###++#####...#.....
##..##.#)#
#..###.## #[......#


You could see a meliai and a centaur.

Vanquished Creatures
  Harold (D:10)
  A centaur warrior (D:11)
  An orc knight (D:11)
  A cyclops (D:11)
  A kobold demonologist (D:10)
  A troll (D:10)
  2 hornets
  A shadow (D:11)
  4 wyverns
  A steam dragon (D:7)
  13 yaks
  A wraith (D:10)
  Menkaure (D:4)
  An acid dragon (D:10)
  A water moccasin (D:9)
  A black bear (D:7)
  3 orc warriors
  3 sky beasts
  2 ice beasts
  An ogre (D:6)
  5 centaurs
  2 phantoms
  3 kobold brigands
  A bullfrog (D:9)
  5 necrophages
  4 scorpions
  4 wights (D:6)
  11 killer bees
  4 howler monkeys
  2 hounds
  3 jellies
  5 orc priests
  4 iguanas
  6 orc wizards
  A gnoll (D:5)
  2 adders (D:3)
  A shadow imp (D:6)
  4 ufetubi
  27 orcs
  12 endoplasms
  7 giant cockroaches
  12 goblins
  10 hobgoblins
  26 kobolds
  3 quokkas
  9 ball pythons
  4 bats
  2 frilled lizards
  5 rats
225 creatures vanquished.

Vanquished Creatures (collateral kills)
  A two-headed ogre (D:10)
  2 orc warriors
  2 wights
  An orc priest (D:9)
  2 gnolls (D:5)
  3 orcs
11 creatures vanquished.

Vanquished Creatures (others)
  A dancing weapon (D:9)
  An orc wizard (D:3)
2 creatures vanquished.

Grand Total: 238 creatures vanquished

Notes
Turn   | Place    | Note
-------+----------+-------------------------------------------
     0 | D:1      | nari the Spriggan Enchanter began the quest for the Orb.
     0 | D:1      | Reached XP level 1. HP: 9/9 MP: 5/5
   514 | D:2      | Reached XP level 2. HP: 12/13 MP: 7/7
   517 | D:2      | Learned a level 2 spell: Ensorcelled Hibernation
   629 | D:2      | Found Hivulab's Magic Scroll Emporium.
  1132 | D:2      | Reached XP level 3. HP: 13/16 MP: 5/9
  1136 | D:2      | Learned a level 3 spell: Tukima's Dance
  1140 | D:2      | Learned a level 3 spell: Confusing Touch
  1651 | D:1      | Reached XP level 4. HP: 21/21 MP: 11/11
  1765 | D:1      | Reached skill level 5 in Hexes
  1869 | D:1      | Found a faded altar of an unknown god.
  2601 | D:2      | Bought 3 scrolls of identify for 72 gold pieces
  2601 | D:2      | Bought a scroll of identify for 24 gold pieces
  2610 | D:2      | Gained mutation: You sometimes lose the ability to read
                  | scrolls when taking damage. [potion of mutation]
  2610 | D:2      | Gained mutation: Your flesh is cold resistant. (rC+)
                  | [potion of mutation]
  2610 | D:2      | Gained mutation: Your flesh is very cold resistant. (rC++)
                  | [potion of mutation]
  2610 | D:2      | Gained mutation: You are partially covered in iridescent
                  | scales. (AC +2) [potion of mutation]
  2861 | D:3      | Reached XP level 5. HP: 24/24 MP: 13/13
  2895 | D:3      | Found a glowing silver altar of Zin.
  2918 | D:3      | Reached skill level 5 in Spellcasting
  3447 | D:4      | Noticed blade888's ghost (amateur GnIE)
  3447 | D:4      | Found a runed translucent gate.
  3447 | D:4      | Found a runed translucent gate.
  3448 | D:4      | Found a runed translucent gate.
  3586 | D:4      | Noticed a phantom
  3598 | D:4      | Killed a phantom
  3599 | D:4      | Reached skill level 5 in Stealth
  3599 | D:4      | Reached XP level 6. HP: 24/28 MP: 11/15
  3969 | D:4      | Reached skill level 6 in Stealth
  4392 | D:4      | Noticed Menkaure
  4412 | D:4      | Killed Menkaure
  4757 | D:4      | Found a broken altar of Ashenzari.
  4757 | D:4      | Found a sacrificial altar of Ru.
  5002 | D:5      | Entered Level 5 of the Dungeon
  5009 | D:5      | Reached XP level 7. HP: 32/32 MP: 17/17
  5047 | D:5      | Reached skill level 7 in Stealth
  5182 | D:5      | Identified the ring of the Thirsty Teeth {rN+ Int+4 SInv}
  5493 | D:5      | Reached skill level 8 in Stealth
  5773 | D:5      | Found a shimmering blue altar of Sif Muna.
  5884 | D:6      | Reached XP level 8. HP: 27/36 MP: 20/20
  6266 | D:6      | Reached skill level 9 in Stealth
  6360 | D:6      | Reached skill level 10 in Stealth
  6747 | D:6      | Found a bloodstained altar of Trog.
  7400 | D:7      | Reached XP level 9. HP: 39/39 MP: 23/23
  7786 | D:7      | Reached skill level 11 in Stealth
  8155 | D:7      | Found a white marble altar of Elyvilon.
  8425 | D:7      | Reached skill level 10 in Hexes
  8461 | D:7      | Found a staircase to the Ecumenical Temple.
  8588 | Temple   | Entered the Ecumenical Temple
  8777 | Temple   | Became a worshipper of Dithmenos the Shadowed
  8866 | D:8      | Reached skill level 12 in Stealth
  8866 | D:8      | Reached skill level 10 in Spellcasting
  8904 | D:8      | Found a transporter.
  8904 | D:8      | Noticed makewrite's ghost (novice HOFi)
  8904 | D:8      | Noticed a two-headed ogre
  8905 | D:8      | Found a transporter.
  9656 | D:9      | Reached XP level 10. HP: 44/44 MP: 25/25
  9660 | D:9      | Reached skill level 13 in Stealth
 10003 | D:9      | Found a burning altar of Makhleb.
 10003 | D:9      | Noticed a blizzard demon
 10133 | D:9      | Reached * piety under Dithmenos
 10180 | D:9      | Found a staircase to the Orcish Mines.
 10293 | D:9      | Identified the +3 chain mail of Oblivion {Dex+5}
 11119 | D:10     | Entered Level 10 of the Dungeon
 11148 | D:10     | Reached skill level 14 in Stealth
 11276 | D:10     | Reached skill level 1 in Fighting
 11328 | D:10     | Noticed a two-headed ogre
 11344 | D:10     | Killed a two-headed ogre
 11725 | D:10     | Noticed Harold
 11841 | D:10     | Reached ** piety under Dithmenos
 11990 | D:10     | Reached XP level 11. HP: 50/50 MP: 27/27
 12050 | D:10     | Found Rane Sopri's Distillery.
 12081 | D:10     | Killed Harold
 12112 | D:10     | Bought a potion of might for 60 gold pieces
 12112 | D:10     | Bought a potion of might for 60 gold pieces
 12112 | D:10     | Bought a potion of invisibility for 120 gold pieces
 12426 | D:10     | Reached skill level 5 in Dodging
 12579 | D:11     | Noticed an orc knight
 12587 | D:11     | Noticed a centaur warrior
 12592 | D:11     | Killed an orc knight
 12595 | D:11     | HP: 2/51 [centaur warrior (2)]
 12598 | D:11     | Killed a centaur warrior
 12821 | D:11     | Killed from afar by a meliai

Illustrated notes

Levels and vault maps discovered:
D:1:      scummos_arrival_simple_crosswalls, layout_basic,
          chequers_ecumenical_altar_lobes
D:2:      layout_rooms, serial_shops, shop, minmay_goblin_outpost
D:3:      layout_rooms, mainiacjoe_overflow_surrounded_room
D:4:      layout_cave_pods, gammafunk_temple_overflow_elements,
          gammafunk_ghost_split, minmay_misc_feat_pillars, uniq_menkaure
D:5:      layout_cave_pods, nicolae_sif_muna_little_library,
          kennysheep_generic_room_15
D:6:      layout_cave_pools, kennysheep_mini_moat, kennysheep_small_square
D:7:      layout_basic, mainiacjoe_overflow_brackets, minmay_temple_entry_tees,
          minmay_fractal_squares_gapless_5
D:8:      layout_basic, gammafunk_ghost_smash, chequers_serial_rivers_room_b
D:9:      layout_loops_corners, makhleb_altar_promises_db, erik_orc_4
D:10:     layout_loops_ring, serial_shops, nicolae_shop_hallway_plus,
          grunt_ministairs_1, kennysheep_generic_room_16, uniq_harold
D:11:     layout_loops_ring, lair_entry_dummy, muffindrake_ghost_dual_entry,
          hangedman_corner_corridor
Temple:   regret_index_temple_generic_petals

Skill      XL: |  1  2  3  4  5  6  7  8  9 10 11 |
---------------+----------------------------------+-----
Spellcasting   | 3 4 5 6 7 9 10 11 12 | 12.2
Hexes          | 4 5 6 7 9 10 12 | 12.4
Stealth        | 5 6 8 10 12 14 | 14.8
Dodging        | 4 5 |  5.6
Fighting       | 1 2 |  2.9
Short Blades   | 3 4 |  4.1

Action                   |  1- 3 |  4- 6 |  7- 9 | 10-12 || total
-------------------------+-------+-------+-------+-------++-------
Melee: Dagger            |    95 |   157 |   171 |   127 ||   550
       Punch             |     1 |     2 |       |     1 ||     4
 Cast: Ensorcelled Hiber |    11 |    14 |    48 |    59 ||   132
       Confusing Touch   |       |     3 |    10 |     2 ||    15
       Tukima's Dance    |       |       |    10 |    18 ||    28
Evoke: Wand              |       |       |       |     2 ||     2
  Use: Scroll            |     2 |    13 |     9 |     1 ||    25
       Potion            |       |     3 |     3 |     3 ||     9
 Stab: Sleeping          |    13 |    11 |    52 |    46 ||   122
       Distracted        |       |     1 |     3 |     3 ||     7
       Confused          |       |     3 |    10 |     2 ||    15
Armor: Robe              |    11 |    24 |    21 |    11 ||    67
Dodge: Dodged            |    49 |   105 |   111 |   106 ||   371

Table legend: (Time is in decaauts)
 A = Elapsed time spent in this place.
 B = Non-inter-level travel time spent in this place.
 C = Inter-level travel time spent in this place.
 D = Time resting spent in this place.
 E = Time spent auto-exploring this place.
 F = Levels seen in this place.
 G = Mean time per level.
                   A        B        C        D        E       F      G
               +--------+--------+--------+--------+--------+-----+--------+
         Total |  10110 |   9906 |    204 |   1216 |   7055 |  12 |  842.5 |
       Dungeon |   9982 |   9799 |    183 |   1216 |   6954 |  11 |  907.5 |
        Temple |    128 |    108 |     20 |      0 |    101 |   1 |  128.0 |
               +--------+--------+--------+--------+--------+-----+--------+

Top non-repeatable levels by time:
     D:6: 1312 daAuts
     D:4: 1238 daAuts
    D:10: 1132 daAuts
     D:9: 1123 daAuts
     D:2: 1089 daAuts
     D:7: 1009 daAuts
     D:1: 986 daAuts
     D:3: 649 daAuts
     D:8: 620 daAuts
     D:5: 546 daAuts
    D:11: 272 daAuts
  Temple: 128 daAuts
